| TOP OF THE 1ST |
|
Chicago White Sox batting - Pitching for Kansas City Royals : RHP Chris Irvin
|
|
Pitching: RHP Chris Irvin
|
|
|
Batting: RHB Dieter Knoops
|
0-0: Ball 1-0: Foul Ball, location: 2F 1-1: Ball 2-1: Ground out 6-3 (Groundball, 6, EV 79.4 MPH)
|
|
Batting: SHB Marvin McAleer
|
0-0: Swinging Strike 0-1: Ball 1-1: Foul Ball, location: 2F 1-2: Foul Ball, location: 2F 1-2: Ground out 4-3 (Groundball, 4S, EV 84.4 MPH)
|
|
Batting: RHB Joseph Disepolo
|
0-0: Foul Ball, location: 2F 0-1: Ball 1-1: Ball 2-1: Foul Ball, location: 2F 2-2: Fly out, F7 (Flyball, 7, EV 97.5 MPH)
|
| Top of the 1st over - 0 runs, 0 hits, 0 errors, 0 left on base; Chicago 0 - Kansas City 0 |
| BOTTOM OF THE 1ST |
|
Kansas City Royals batting - Pitching for Chicago White Sox : RHP Matt McAtee
|
|
Pitching: RHP Matt McAtee
|
|
|
Batting: SHB Jose Pacheco
|
0-0: Ball 1-0: Ball 2-0: Called Strike 2-1: Foul Ball, location: 2F 2-2: Foul Ball, location: 2F 2-2: Ball 3-2: Base on Balls
|
|
Batting: RHB Matt Belgard
|
0-0: Ball 1-0: Sac Bunt to P - play at first, batter OUT! 1-3 Jose Pacheco to second
|
|
Batting: RHB Mike Jaquez
|
0-0: Fly out, F9 (Flyball, 9D, EV 82.5 MPH) Runner from 2nd tags up, SAFE at 3rd, no throw by RF
|
|
Batting: SHB Gil Switzer
|
0-0: Called Strike 0-1: SINGLE (Line Drive, 6MD, EV 97.5 MPH) Jose Pacheco scores
|
|
Batting: RHB Adam Martin
|
0-0: Ball 1-0: Ball 2-0: Swinging Strike 2-1: Foul Ball, location: 2F 2-2: Ball 3-2: Foul Ball, location: 2F 3-2: Foul Ball, location: 2F 3-2: Foul Ball, location: 2F 3-2: DOUBLE (Line Drive, 89D, EV 109.4 MPH) Gil Switzer to third Gil Switzer scores
|
|
Batting: LHB Pete Hansel
|
0-0: Ground out 3-1 (Groundball, 34D, EV 109.4 MPH)
|
| Bottom of the 1st over - 2 runs, 2 hits, 0 errors, 1 left on base; Chicago 0 - Kansas City 2 |
| TOP OF THE 2ND |
|
Chicago White Sox batting - Pitching for Kansas City Royals : RHP Chris Irvin
|
|
Batting: SHB Jonathan Jenkins
|
0-0: Foul Ball, location: 2F 0-1: Foul Ball, location: 2F 0-2: Ball 1-2: Foul Ball, location: 2F 1-2: Strikes out swinging
|
|
Batting: RHB Dietmar Warmisch
|
0-0: Ball 1-0: Called Strike 1-1: Ball 2-1: Swinging Strike 2-2: Foul Ball, location: 2F 2-2: Strikes out swinging
|
|
Batting: LHB Angel Tellez
|
0-0: Called Strike 0-1: Foul Ball, location: 2F 0-2: Strikes out swinging
|
| Top of the 2nd over - 0 runs, 0 hits, 0 errors, 0 left on base; Chicago 0 - Kansas City 2 |
| BOTTOM OF THE 2ND |
|
Kansas City Royals batting - Pitching for Chicago White Sox : RHP Matt McAtee
|
|
Batting: LHB Manny Estrada
|
0-0: Ball 1-0: Foul Ball, location: 2F 1-1: Foul Ball, location: 2F 1-2: Ball 2-2: Ball 3-2: Base on Balls
|
|
Batting: RHB Walt Cogswell
|
0-0: Ball 1-0: Ball 2-0: Ball 3-0: Base on Balls Manny Estrada to second
|
|
Batting: RHB Kevin Roseen
|
0-0: Ball 1-0: Grounds into double play, 6-4-3 (Groundball, 6M, EV 91.2 MPH) Manny Estrada to third
|
|
Batting: SHB Jose Pacheco
|
0-0: Ball 1-0: Called Strike 1-1: Fly out, F7 (Flyball, 78M, EV 80.0 MPH)
|
| Bottom of the 2nd over - 0 runs, 0 hits, 0 errors, 1 left on base; Chicago 0 - Kansas City 2 |
| TOP OF THE 3RD |
|
Chicago White Sox batting - Pitching for Kansas City Royals : RHP Chris Irvin
|
|
Batting: RHB Brad Boals
|
0-0: Swinging Strike 0-1: Swinging Strike 0-2: Ball 1-2: SOLO HOME RUN (Flyball, 7LD, EV 95.6 MPH), Distance : 345 ft
|
|
Batting: LHB Sidney Pedder
|
0-0: Ball 1-0: Swinging Strike 1-1: Called Strike 1-2: Strikes out swinging
|
|
Batting: RHB Rich Stinson
|
0-0: Fly out, F8 (Flyball, 8RS, EV 88.8 MPH)
|
|
Batting: RHB Dieter Knoops
|
0-0: Ball 1-0: SINGLE (Groundball, 25, EV 70.0 MPH) (infield hit)
|
|
Batting: SHB Marvin McAleer
|
0-0: Ball 1-0: Ground out 1-3 (Groundball, P, EV 65.6 MPH)
|
| Top of the 3rd over - 1 run, 2 hits, 0 errors, 1 left on base; Chicago 1 - Kansas City 2 |
| BOTTOM OF THE 3RD |
|
Kansas City Royals batting - Pitching for Chicago White Sox : RHP Matt McAtee
|
|
Batting: RHB Matt Belgard
|
0-0: Ball 1-0: SINGLE (Line Drive, 6MD, EV 105.6 MPH)
|
|
Batting: RHB Mike Jaquez
|
0-0: Ball 1-0: Swinging Strike 1-1: Called Strike Matt Belgard steals 2nd base 1-2: Foul Ball, location: 2F 1-2: Ground out 5-3 (Groundball, 56S, EV 81.9 MPH)
|
|
Batting: SHB Gil Switzer
|
0-0: Ball 1-0: Ball 2-0: Called Strike 2-1: Ball 3-1: Foul Ball, location: 2F 3-2: Base on Balls
|
|
Batting: RHB Adam Martin
|
0-0: Ball 1-0: Foul Ball, location: 2F 1-1: Swinging Strike 1-2: Ball 2-2: Ball 3-2: Strikes out swinging
|
|
Batting: LHB Pete Hansel
|
0-0: Ball 1-0: Called Strike 1-1: Ball 2-1: Called Strike 2-2: Ground out 4-3 (Groundball, 4, EV 84.4 MPH)
|
| Bottom of the 3rd over - 0 runs, 1 hit, 0 errors, 2 left on base; Chicago 1 - Kansas City 2 |
| TOP OF THE 4TH |
|
Chicago White Sox batting - Pitching for Kansas City Royals : RHP Chris Irvin
|
|
Batting: RHB Joseph Disepolo
|
0-0: Swinging Strike 0-1: Fly out, F4 (Popup, 34S, EV 75.0 MPH)
|
|
Batting: SHB Jonathan Jenkins
|
0-0: Foul Ball, location: 2F 0-1: Ball 1-1: Swinging Strike 1-2: Ball 2-2: Strikes out swinging
|
|
Batting: RHB Dietmar Warmisch
|
0-0: SOLO HOME RUN (Flyball, 7D, EV 98.8 MPH), Distance : 374 ft
|
|
Batting: LHB Angel Tellez
|
0-0: Ball 1-0: Swinging Strike 1-1: Ground out 4-3 (Groundball, 4M, EV 90.0 MPH)
|
| Top of the 4th over - 1 run, 1 hit, 0 errors, 0 left on base; Chicago 2 - Kansas City 2 |
| BOTTOM OF THE 4TH |
|
Kansas City Royals batting - Pitching for Chicago White Sox : RHP Matt McAtee
|
|
Batting: LHB Manny Estrada
|
0-0: Ball 1-0: Fly out, F7 (Flyball, 7D, EV 85.6 MPH)
|
|
Batting: RHB Walt Cogswell
|
0-0: Called Strike 0-1: Ball 1-1: Ball 2-1: Ball 3-1: SINGLE (Flyball, 8RM, EV 95.6 MPH)
|
|
Batting: RHB Kevin Roseen
|
0-0: Ball 1-0: Ball Walt Cogswell steals 2nd base (no throw) 2-0: SINGLE (Line Drive, 4M, EV 95.6 MPH) Walt Cogswell to third
|
|
Batting: SHB Jose Pacheco
|
0-0: Ball 1-0: Foul Ball, location: 2F 1-1: Foul Ball, location: 2F 1-2: Grounds into double play, 6-4-3 (Groundball, 6, EV 107.5 MPH)
|
| Bottom of the 4th over - 0 runs, 2 hits, 0 errors, 1 left on base; Chicago 2 - Kansas City 2 |
| TOP OF THE 5TH |
|
Chicago White Sox batting - Pitching for Kansas City Royals : RHP Chris Irvin
|
|
Batting: RHB Brad Boals
|
0-0: Ball 1-0: Swinging Strike 1-1: Ball 2-1: Foul Ball, location: 2F 2-2: Ground out 4-3 (Groundball, 4, EV 80.6 MPH)
|
|
Batting: LHB Sidney Pedder
|
0-0: Called Strike 0-1: Ball 1-1: Foul Ball, location: 2F 1-2: Strikes out swinging
|
|
Batting: RHB Rich Stinson
|
0-0: Foul Ball, location: 2F 0-1: Ball 1-1: Ball 2-1: Fly out, F9 (Flyball, 89S, EV 84.4 MPH)
|
| Top of the 5th over - 0 runs, 0 hits, 0 errors, 0 left on base; Chicago 2 - Kansas City 2 |
| BOTTOM OF THE 5TH |
|
Kansas City Royals batting - Pitching for Chicago White Sox : RHP Matt McAtee
|
|
Pitching: RHP Alfie Bungledorf
|
|
|
Batting: RHB Matt Belgard
|
0-0: Ball 1-0: Ground out 5-3 (Groundball, 5, EV 105.0 MPH)
|
|
Batting: RHB Mike Jaquez
|
0-0: Swinging Strike 0-1: Ball 1-1: DOUBLE (Line Drive, 89D, EV 105.6 MPH)
|
|
Batting: SHB Gil Switzer
|
0-0: Ball 1-0: Ball 2-0: Ball 3-0: Base on Balls
|
|
Batting: RHB Adam Martin
|
0-0: Ball 1-0: Fly out, F8 (Flyball, 8RM, EV 81.2 MPH)
|
|
Batting: LHB Pete Hansel
|
0-0: Foul Ball, location: 2F 0-1: DOUBLE (Line Drive, 89D, EV 111.2 MPH) Mike Jaquez scores Gil Switzer to third
|
|
Batting: LHB Manny Estrada
|
0-0: SINGLE (Line Drive, 78S, EV 103.8 MPH) Gil Switzer scores Pete Hansel to third Runner from 3rd tries for Home, SAFE, throw by LF to home
|
|
Pitching: RHP Mike Willig
|
|
|
Batting: RHB Walt Cogswell
|
0-0: Called Strike 0-1: Swinging Strike 0-2: Fielders Choice at 2nd, 5-4 (Groundball, 5L, EV 86.2 MPH)
|
| Bottom of the 5th over - 3 runs, 3 hits, 0 errors, 1 left on base; Chicago 2 - Kansas City 5 |
| TOP OF THE 6TH |
|
Chicago White Sox batting - Pitching for Kansas City Royals : RHP Chris Irvin
|
|
Batting: RHB Dieter Knoops
|
0-0: Ball 1-0: Called Strike 1-1: Ball 2-1: Ball 3-1: SINGLE (Line Drive, 6M, EV 99.4 MPH)
|
|
Batting: SHB Marvin McAleer
|
0-0: Called Strike Dieter Knoops steals 2nd base 0-1: Foul Ball, location: 2F 0-2: SINGLE (Groundball, 4MD, EV 96.2 MPH) Dieter Knoops to third Runner from 3rd tries for Home, SAFE, throw by CF to home
|
|
Batting: RHB Joseph Disepolo
|
0-0: Ball 1-0: Ball Marvin McAleer is caught stealing 2nd base 2-4 2-0: Foul Ball, location: 2F 2-1: SINGLE (Flyball, 34D, EV 87.5 MPH)
|
|
Batting: SHB Jonathan Jenkins
|
0-0: Foul Ball, location: 2F 0-1: SINGLE (Groundball, 56, EV 106.9 MPH) (infield hit) Joseph Disepolo to second
|
|
Batting: RHB Dietmar Warmisch
|
0-0: Called Strike 0-1: Ball 1-1: Ball 2-1: Foul Ball, location: 2F 2-2: SINGLE (Line Drive, 7S, EV 98.1 MPH) Joseph Disepolo to third Jonathan Jenkins to second
|
|
Batting: LHB Angel Tellez
|
0-0: Called Strike 0-1: Ball 1-1: Ball 2-1: Called Strike 2-2: Fly out, F7 (Flyball, 7D, EV 95.6 MPH) Runner from 3rd tags up, SCORES, no throw by LF
|
|
Batting: RHB Brad Boals
|
0-0: Ball 1-0: Foul Ball, location: 2F 1-1: Foul Ball, location: 2F 1-2: Foul Ball, location: 2F 1-2: Ball 2-2: Foul Ball, location: 2F 2-2: Ball 3-2: Strikes out swinging
|
| Top of the 6th over - 2 runs, 5 hits, 0 errors, 2 left on base; Chicago 4 - Kansas City 5 |
| BOTTOM OF THE 6TH |
|
Kansas City Royals batting - Pitching for Chicago White Sox : RHP Mike Willig
|
|
Batting: RHB Kevin Roseen
|
0-0: Swinging Strike 0-1: Called Strike 0-2: Ball 1-2: Strikes out looking
|
|
Batting: SHB Jose Pacheco
|
0-0: Ball 1-0: SINGLE (Line Drive, 56, EV 100.6 MPH)
|
|
Batting: RHB Matt Belgard
|
0-0: Ball 1-0: Foul Ball, location: 2F 1-1: Ground out 5-3 (Groundball, 56, EV 104.4 MPH) Jose Pacheco to second
|
|
Batting: RHB Mike Jaquez
|
0-0: Ball 1-0: Swinging Strike 1-1: Foul Ball, location: 2F 1-2: Foul Ball, location: 2F 1-2: Ball 2-2: Foul Ball, location: 2F 2-2: Ball 3-2: Foul Ball, location: 2F 3-2: Foul Ball, location: 2F 3-2: Ground out 6-3 (Groundball, 6MD, EV 105.0 MPH)
|
| Bottom of the 6th over - 0 runs, 1 hit, 0 errors, 1 left on base; Chicago 4 - Kansas City 5 |
| TOP OF THE 7TH |
|
Chicago White Sox batting - Pitching for Kansas City Royals : RHP Chris Irvin
|
|
Batting: LHB Sidney Pedder
|
0-0: Ground out 4-3 (Groundball, 4, EV 88.8 MPH)
|
|
Batting: RHB Rich Stinson
|
0-0: Fly out, F3 (Line Drive, 3L, EV 72.5 MPH)
|
|
Batting: RHB Dieter Knoops
|
0-0: SINGLE (Line Drive, 89S, EV 105.6 MPH)
|
|
Pitching: RHP Josh Moncada
|
|
|
Batting: SHB Marvin McAleer
|
0-0: Ball Dieter Knoops steals 2nd, throwing error, E2 Dieter Knoops to third 1-0: Swinging Strike 1-1: Foul Ball, location: 2F 1-2: Strikes out swinging
|
| Top of the 7th over - 0 runs, 1 hit, 1 error, 1 left on base; Chicago 4 - Kansas City 5 |
| BOTTOM OF THE 7TH |
|
Kansas City Royals batting - Pitching for Chicago White Sox : RHP Mike Willig
|
|
Pitching: RHP Riso Profanter
|
|
|
Batting: SHB Gil Switzer
|
0-0: Foul Ball, location: 2F 0-1: Foul Ball, location: 2F 0-2: Ball 1-2: Ball 2-2: Strikes out looking
|
|
Batting: RHB Adam Martin
|
0-0: Fly out, F5 (Popup, 5S, EV 75.6 MPH)
|
|
Batting: LHB Pete Hansel
|
0-0: Ball 1-0: Ball 2-0: Called Strike 2-1: Ball 3-1: Called Strike 3-2: Ground out U3 (Groundball, 3, EV 79.4 MPH)
|
| Bottom of the 7th over - 0 runs, 0 hits, 0 errors, 0 left on base; Chicago 4 - Kansas City 5 |
| TOP OF THE 8TH |
|
Chicago White Sox batting - Pitching for Kansas City Royals : RHP Josh Moncada
|
|
Now at 2B: Matt Belgard
|
|
|
Now at 3B: Mikolas Markus
|
|
|
Batting: RHB Joseph Disepolo
|
0-0: Foul Ball, location: 2F 0-1: Foul Ball, location: 2F 0-2: SINGLE (Groundball, 34D, EV 106.2 MPH)
|
|
Batting: SHB Jonathan Jenkins
|
0-0: Ball Joseph Disepolo is caught stealing 2nd base 2-6 1-0: SOLO HOME RUN (Flyball, 9D, EV 97.5 MPH), Distance : 385 ft
|
|
Batting: RHB Dietmar Warmisch
|
0-0: Called Strike 0-1: Ball 1-1: Ball 2-1: Swinging Strike 2-2: Ball 3-2: Foul Ball, location: 2F 3-2: Base on Balls
|
|
Batting: LHB Angel Tellez
|
0-0: Called Strike 0-1: Foul Ball, location: 2F 0-2: Grounds into double play, 6-4-3 (Groundball, 6M, EV 81.9 MPH)
|
| Top of the 8th over - 1 run, 2 hits, 0 errors, 0 left on base; Chicago 5 - Kansas City 5 |
| BOTTOM OF THE 8TH |
|
Kansas City Royals batting - Pitching for Chicago White Sox : RHP Riso Profanter
|
|
Batting: LHB Manny Estrada
|
0-0: Called Strike 0-1: Swinging Strike 0-2: Foul Ball, location: 2F 0-2: Ball 1-2: Foul Ball, location: 2F 1-2: Ball 2-2: Ball 3-2: Strikes out swinging
|
|
Pinch Hitting: LHB Mike Meyerhoff
|
0-0: Foul Ball, location: 2F 0-1: Ball 1-1: Foul Ball, location: 2F 1-2: Ball 2-2: Foul Ball, location: 2F 2-2: Foul Ball, location: 2F 2-2: Fly out, F7 (Line Drive, 78M, EV 92.5 MPH)
|
|
Batting: RHB Kevin Roseen
|
0-0: Foul Ball, location: 2F 0-1: Called Strike 0-2: Ball 1-2: Strikes out swinging
|
| Bottom of the 8th over - 0 runs, 0 hits, 0 errors, 0 left on base; Chicago 5 - Kansas City 5 |
| TOP OF THE 9TH |
|
Chicago White Sox batting - Pitching for Kansas City Royals : RHP Josh Moncada
|
|
Pitching: RHP Joe Noonan
|
|
|
Now in CF: Gil Switzer
|
|
|
Now in RF: Roman Downey
|
|
|
Batting: RHB Brad Boals
|
0-0: Ball 1-0: Foul Ball, location: 2F 1-1: Swinging Strike 1-2: Fly out, F9 (Flyball, 9, EV 90.6 MPH)
|
|
Batting: LHB Sidney Pedder
|
0-0: Fly out, F8 (Flyball, 8LD, EV 101.2 MPH)
|
|
Batting: RHB Rich Stinson
|
0-0: Ball 1-0: Swinging Strike 1-1: Ball 2-1: Swinging Strike 2-2: Strikes out swinging
|
| Top of the 9th over - 0 runs, 0 hits, 0 errors, 0 left on base; Chicago 5 - Kansas City 5 |
| BOTTOM OF THE 9TH |
|
Kansas City Royals batting - Pitching for Chicago White Sox : RHP Riso Profanter
|
|
Pitching: LHP Steven Wolf
|
|
|
Batting: SHB Jose Pacheco
|
0-0: Ball 1-0: Foul Ball, location: 2F 1-1: Foul Ball, location: 2F 1-2: Foul Ball, location: 2F 1-2: Foul Ball, location: 2F 1-2: Ball 2-2: Ball 3-2: Fly out, F8 (Flyball, 8LD, EV 97.5 MPH)
|
|
Batting: RHB Matt Belgard
|
0-0: Ball 1-0: Ball 2-0: Ball 3-0: Base on Balls
|
|
Batting: RHB Mikolas Markus
|
0-0: Ball Matt Belgard steals 2nd base (no throw) 1-0: Swinging Strike 1-1: Ball 2-1: Foul Ball, location: 2F 2-2: Ball 3-2: Foul Ball, location: 2F 3-2: Foul Ball, location: 2F 3-2: Fly out, F8 (Flyball, 8LXD, EV 88.1 MPH)
|
|
Batting: SHB Gil Switzer
|
0-0: Ball 1-0: Ball 2-0: Foul Ball, location: 2F 2-1: Foul Ball, location: 2F 2-2: Strikes out swinging
|
| Bottom of the 9th over - 0 runs, 0 hits, 0 errors, 1 left on base; Chicago 5 - Kansas City 5 |
| TOP OF THE 10TH |
|
Chicago White Sox batting - Pitching for Kansas City Royals : RHP Joe Noonan
|
|
Batting: RHB Dieter Knoops
|
0-0: Called Strike 0-1: Ball 1-1: Foul Ball, location: 2F 1-2: Ball 2-2: Ball 3-2: Strikes out swinging
|
|
Batting: SHB Marvin McAleer
|
0-0: DOUBLE (Flyball, 8LXD, EV 110.0 MPH)
|
|
Batting: RHB Joseph Disepolo
|
0-0: Intentional Walk
|
|
Batting: SHB Jonathan Jenkins
|
0-0: Ball 1-0: Swinging Strike 1-1: Foul Ball, location: 2F 1-2: Ball 2-2: Strikes out swinging
|
|
Batting: RHB Dietmar Warmisch
|
0-0: Ball 1-0: Ball 2-0: Called Strike 2-1: Foul Ball, location: 2F 2-2: Strikes out swinging
|
| Top of the 10th over - 0 runs, 1 hit, 0 errors, 2 left on base; Chicago 5 - Kansas City 5 |
| BOTTOM OF THE 10TH |
|
Kansas City Royals batting - Pitching for Chicago White Sox : LHP Steven Wolf
|
|
Pitching: RHP Jacob Taylor
|
|
|
Batting: RHB Adam Martin
|
0-0: Ball 1-0: Ball 2-0: Ball 3-0: Called Strike 3-1: Swinging Strike 3-2: Strikes out swinging
|
|
Batting: LHB Pete Hansel
|
0-0: Ball 1-0: Called Strike 1-1: Ground out 6-3 (Groundball, 6, EV 100.6 MPH)
|
|
Batting: LHB Manny Estrada
|
0-0: Ball 1-0: Swinging Strike 1-1: Called Strike 1-2: Foul Ball, location: 2F 1-2: Ground out 4-3 (Groundball, 4, EV 85.6 MPH)
|
| Bottom of the 10th over - 0 runs, 0 hits, 0 errors, 0 left on base; Chicago 5 - Kansas City 5 |
| TOP OF THE 11TH |
|
Chicago White Sox batting - Pitching for Kansas City Royals : RHP Joe Noonan
|
|
Batting: LHB Angel Tellez
|
0-0: Called Strike 0-1: Swinging Strike 0-2: Ball 1-2: Strikes out swinging
|
|
Batting: RHB Brad Boals
|
0-0: Called Strike 0-1: Ball 1-1: Ball 2-1: Ball 3-1: Fly out, F8 (Flyball, 8RD, EV 94.4 MPH)
|
|
Batting: LHB Sidney Pedder
|
0-0: Called Strike 0-1: Swinging Strike 0-2: Ball 1-2: Ball 2-2: Ball 3-2: Base on Balls
|
|
Batting: RHB Rich Stinson
|
0-0: Swinging Strike 0-1: Fly out, F6 (Line Drive, 6MD, EV 60.6 MPH)
|
| Top of the 11th over - 0 runs, 0 hits, 0 errors, 1 left on base; Chicago 5 - Kansas City 5 |
| BOTTOM OF THE 11TH |
|
Kansas City Royals batting - Pitching for Chicago White Sox : RHP Jacob Taylor
|
|
Batting: LHB Roman Downey
|
0-0: Ball 1-0: Ball 2-0: Called Strike 2-1: Foul Ball, location: 2F 2-2: Ball 3-2: SOLO HOME RUN (Flyball, 9D, EV 99.4 MPH), Distance : 412 ft
|
| Bottom of the 11th over - 1 run, 1 hit, 0 errors, 0 left on base; Chicago 5 - Kansas City 6 |
|